 Dungeon Crawl Stone Soup version 0.26.1-11-gd32895ea62 (webtiles) character file.

Game seed: 9545552043193078870

58 Descartes the Ducker (level 3, -1/15 HPs)
             Began as a Felid Transmuter on July 11, 2021.
             Slain by a jackal (2 damage)
             ... on level 2 of the Dungeon.
             The game lasted 00:02:09 (1912 turns).

Descartes the Ducker (Felid Transmuter)             Turns: 1912, Time: 00:02:10

Health: -1/15      AC:  1    Str:  7    XL:     3   Next: 76%
Magic:  6/7        EV: 19    Int: 14    God:
Gold:   37         SH:  0    Dex: 16    Spells: 5/6 levels left
                                        Lives:  0   Deaths: 0

rFire    . . .     SeeInvis +     - Unarmed
rCold    . . .     Faith    .   (shield unavailable)
rNeg     . . .     Spirit   .   (armour unavailable)
rPois    .         Reflect  .   (helmet unavailable)
rElec    .         Harm     .   (cloak unavailable)
rCorr    .         Rampage  .   (gloves unavailable)
Will     .....                  (boots unavailable)
Stlth    +++.......             (no amulet)
HPRegen  0.05/turn              (no ring)
MPRegen  0.10/turn              (no ring)

@: appendages (expiring), quick
A: very small, no armour, no weapons or thrown items, stealth, claws 1, fangs 3,
horns 2, see invisible, speed 1, shaggy fur 1, sharp paws
a: End Transformation


You were on level 2 of the Dungeon.
You had grown temporary horns.
You visited 1 branch of the dungeon, and saw 2 of its levels.

You collected 37 gold pieces.

Inventory:

Scrolls
 c - 2 scrolls of remove curse {unknown}
 d - 2 scrolls of teleportation {unknown}
Potions
 a - a potion of flight {unknown}
 b - a potion of invisibility {unknown}
 e - a potion of might {unknown}
 f - a potion of heal wounds {unknown}


   Skills:
 - Level 1.0 Fighting
 + Level 3.8 Dodging
 + Level 2.7 Stealth
 + Level 3.6 Unarmed Combat
 - Level 2.0 Spellcasting
 - Level 2.1 Transmutations


You had 5 spell levels left.
You knew the following spells:

 Your Spells              Type           Power        Failure   Level
a - Beastly Appendage     Tmut           14%          10%         1

Your spell library contained the following spells:

 Spells                   Type           Power        Failure   Level
 Wereblood                Tmut           7%           14%         2
 Spider Form              Tmut/Pois      2%           41%         3
 Ice Form                 Ice/Tmut       4%           83%         4
 Blade Hands              Tmut           3%           95%         5


Dungeon Overview and Level Annotations

Branches:
Dungeon (2/15)

Altars:


Innate Abilities, Weirdness & Mutations

You cannot wear armour.
You are incapable of wielding weapons or throwing items.
Your paws allow you to move quietly. (Stealth)
You have sharp claws.
You have razor-sharp teeth.
You have supernaturally acute eyesight. (SInv)
You cover ground quickly.
You are covered in fur. (AC +1)
Your sharp claws are effective at attacking unaware monsters.
You have a pair of horns on your head.


Message History

The jackal is moderately wounded.
The jackal misses you.
You closely miss the jackal.
The jackal is moderately wounded.
The jackal closely misses you.
You miss the jackal. Your headbutt misses the jackal.
The jackal is moderately wounded.
The jackal misses you. The jackal barely misses you.
You barely miss the jackal. Your bite misses the jackal.
The jackal is moderately wounded.
The jackal bites you.
* * * LOW HITPOINT WARNING * * *
You closely miss the jackal. You headbutt the jackal.
The jackal is severely wounded.
Your transformation is almost over.
The jackal misses you.
You closely miss the jackal.
The jackal is severely wounded.
The jackal completely misses you. The jackal bites you.
You die...

#.......).#####...#...
#.##.#....#.........#
.....#>............##
#.#..#..#)#.........#
#.#.......#####...#...
#.......### #...#####
######.## #...# #.#
#...# #.# ##@## # #.#
####h####
######.######.......#
.......#.......#.##.#
########.####..#.##.#
# #.## #..#...#.
#....#........
#..........
###.......#


You could see a jackal.

Vanquished Creatures
  2 adders (D:2)
  3 giant cockroaches (D:1)
  3 goblins
  10 hobgoblins
  3 jackals (D:2)
  A quokka (D:2)
  5 bats
  3 frilled lizards
  5 kobolds
  A rat (D:1)
36 creatures vanquished.

Notes
Turn   | Place    | Note
-------+----------+-------------------------------------------
     0 | D:1      | Descartes the Felid Transmuter began the quest for the Orb.
     0 | D:1      | Reached XP level 1. HP: 9/9 MP: 4/4
   526 | D:1      | Reached skill level 1 in Stealth
   624 | D:1      | Reached XP level 2. HP: 12/12 MP: 4/6
  1226 | D:2      | Reached XP level 3. HP: 10/15 MP: 5/7
  1912 | D:2      | Slain by a jackal

Illustrated notes

Levels and vault maps discovered:
D:1:      dpeg_arrival_yet_another_circle, layout_loops_ring
D:2:      layout_loops_cross, amcnicky_mini_corridor_feature

Skill      XL: |  1  2 |
---------------+-------+-----
Dodging        | 3 |  3.8
Stealth        | 1 2 |  2.7
Fighting       | |  1.0
Unarmed Combat | |  3.6
Spellcasting   | |  2.0
Transmutations | |  2.1

Action                   || total
-------------------------++-------
Melee: Unarmed           ||    99
       Bite              ||     7
       Headbutt          ||    13
 Cast: Beastly Appendage ||    22
 Stab: Sleeping          ||     2
Armor: Skin              ||     6
Dodge: Dodged            ||    80
